 Dungeon Crawl Stone Soup version 0.29.1-15-g9cfb28693d (webtiles) character file.

Game seed: 15767936050985799058

101 protoss039 the Digger (level 4, 0/33 HPs)
             Began as a Demonspawn Earth Elementalist on Mar 14, 2023.
             Slain by an orc wizard
             ... wielding a +0 dagger of venom
              (4 damage)
             ... on level 3 of the Dungeon.
             The game lasted 00:02:18 (2148 turns).

protoss039 the Digger (DsEE)                        Turns: 2148, Time: 00:02:19

Health: 0/33       AC:  7    Str:  9    XL:     4   Next: 48%
Magic:  8/8        EV: 10    Int: 18    God:
Gold:   75         SH:  0    Dex: 13    Spells: 6/9 levels left

rFire   x . .      SeeInvis .   h - +2 dagger (speed)
rCold   + . .      Faith    .   (no shield)
rNeg    . . .      Spirit   .   d - +0 ring mail
rPois   .          Reflect  .   (no helmet)
rElec   .          Harm     .   (no cloak)
rCorr   .          Rampage  .   (no gloves)
Will    .....                   (no boots)
Stlth   ..........              (no amulet)
HPRegen 0.11/turn               f - ring of ice
MPRegen 0.22/turn               (no ring)

@: confused, lethally poisoned (0 -> -9), ambrosia-drunk, very slightly
contaminated
A: claws 1, molten scales 1, magic regeneration
a: no special abilities


You were on level 3 of the Dungeon.
You visited 1 branch of the dungeon, and saw 3 of its levels.

You collected 75 gold pieces.

Inventory:

Hand Weapons
 h - a +2 dagger of speed (weapon)
 i - a +2 dagger of flaming
Armour
 d - a +0 ring mail (worn)
Jewellery
 f - a ring of ice (left claw)
Wands
 a - a wand of roots (8)
Scrolls
 c - a scroll of magic mapping {unknown}
 e - 2 scrolls of fear {unknown}
Potions
 b - a potion of magic


   Skills:
 + Level 2.2 Fighting
 - Level 1.7 Dodging
 - Level 1.7 Stealth
 + Level 3.0 Spellcasting
 - Level 0.8 Transmutations
 + Level 3.5 Earth Magic


You had 6 spell levels left.
You knew the following spells:

 Your Spells              Type           Power      Damage    Failure   Level
a - Sandblast             Erth           30%        2d9       11%         1
b - Passwall              Tmut/Erth      8%         N/A       28%         2

Your spell library contained the following spells:

 Spells                   Type           Power      Damage    Failure   Level
 Apportation              Tloc           4%         N/A       41%         1
 Necrotise                Necr           8%         1d4       41%         1
 Summon Small Mammal      Summ           8%         N/A       41%         1
 Stone Arrow              Conj/Erth      18%        3d8       54%         3
 Petrify                  Tmut/Erth      10%        N/A       88%         4


Dungeon Overview and Level Annotations

Branches:
Dungeon (3/15) Zot: 15841

Altars:


Innate Abilities, Weirdness & Mutations

You have sharp fingernails.
You are partially covered in molten scales. (AC +2)
You regenerate magic rapidly.


Message History

Aim: an adder (moderately wounded, 70% to hit)
The blast of sand misses the adder.
You feel very sick. The adder bites you.
The orc hits you but does no damage. x2
The orc wizard hits you but does no damage.
You are lethally poisoned!
A quokka comes into view.
The adder barely misses you.
Unknown command.
Casting: Sandblast (safe; 11% risk of failure)
Confirm with . or Enter, or press ? or * to list all spells.
Aiming: Sandblast (safe; 11% risk of failure)
Press: ? - help, Shift-Dir - straight line, f/p - adder
Aim: an adder (moderately wounded, 70% to hit)
You miscast Sandblast.
You are very lightly contaminated with residual magic.
Nothing appears to happen.
* * * LOW HITPOINT WARNING * * *
You feel very sick. The orc hits you but does no damage.
The orc closely misses you. The orc wizard completely misses you.
The adder bites you but does no damage.
It was a potion of ambrosia.
You are confused.
You feel invigorated.
You feel very sick. The adder barely misses you. The orc barely misses you.
The orc completely misses you. The orc wizard completely misses you.
The adder bites you but does no damage.
You miss the orc.
You feel sick. The orc hits you with a +0 hand axe.
* * * LOW HITPOINT WARNING * * *
The orc hits you but does no damage.
The orc wizard points at you and mumbles some strange words.
You resist with some effort.
You bump into the rock wall.
* * * LOW HITPOINT WARNING * * *
You feel sick. The adder misses you. The orc hits you but does no damage.
The orc hits you with a +0 short sword.
* * * LOW HITPOINT WARNING * * *
The orc wizard hits you with a +0 dagger of venom.
You die...

......[ ........
........ ........
........
#######........
......S#o......
##.@o...... #..
###...o...... #...
###...###..##.#
#... #...!...##.#
#.... #.......#
... #....
#.$.....# ..#
##....# #.......#
...
.......###..#####
.##
...........#......


You could see an orc wizard, an adder and 2 orcs.

Vanquished Creatures
  An orc priest (D:3)
  3 adders (D:2)
  A worm (D:1)
  4 bats
  2 endoplasms
  2 giant cockroaches
  A hobgoblin (D:1)
  4 jackals (D:1)
  3 kobolds (D:1)
  A quokka (D:1)
  3 ball pythons
  2 frilled lizards (D:2)
  8 goblins
  7 rats
42 creatures vanquished.

Notes
Turn   | Place    | Note
-------+----------+-------------------------------------------
     0 | D:1      | protoss039 the Demonspawn Earth Elementalist began the
                  | quest for the Orb.
     0 | D:1      | Reached XP level 1. HP: 13/13 MP: 3/3
   619 | D:1      | Gained mutation: You are partially covered in molten
                  | scales. (AC +2) [demonic ancestry]
   619 | D:1      | Reached XP level 2. HP: 20/20 MP: 5/5
   742 | D:1      | Reached skill level 1 in Fighting
  1266 | D:1      | Learned a level 2 spell: Passwall
  1329 | D:2      | Gained mutation: You have sharp fingernails. [demonic
                  | ancestry]
  1329 | D:2      | Reached XP level 3. HP: 7/26 MP: 0/6
  1592 | D:2      | Found a faded altar of an unknown god.
  2019 | D:2      | Gained mutation: You regenerate magic rapidly. [demonic
                  | ancestry]
  2019 | D:2      | Reached XP level 4. HP: 27/33 MP: 1/8
  2122 | D:2      | You fall into a shaft and drop 1 floor!
  2148 | D:3      | Slain by an orc wizard

Illustrated notes

Levels and vault maps discovered:
D:1:      sevenhm_arrival_forest_fort_large_2, layout_loops_cross,
          minmay_misc_feat_room, st_stairs_1
D:2:      layout_loops_ring, hellmonk_ecumenical_altar_leap_of_faith
D:3:      layout_rooms, lemuel_coloured_pillars_altar,
          nicolae_overflow_hidden_temple

Skill      XL: |  1  2  3  4 |
---------------+-------------+-----
Earth Magic    | 3 |  3.5
Fighting       | 1 2 |  2.2
Spellcasting   | 3 |  3.0
Dodging        | |  1.7
Stealth        | |  1.7
Transmutations | |  0.8

Action                   |  1- 3 |  4- 6 || total
-------------------------+-------+-------++-------
Melee: Short sword       |    53 |       ||    53
       Dagger            |    32 |     7 ||    39
 Cast: Sandblast         |    35 |     5 ||    40
  Use: Potion            |       |     1 ||     1
Armor: Ring mail         |    50 |    16 ||    66
Dodge: Dodged            |    74 |    21 ||    95
